 Dungeon Crawl Stone Soup version 0.20-a0-495-g2241292 (webtiles) character file.

1731645 SexyTrash the Gargoyle Barricade (level 27, 140/179 HPs)
             Began as a Gargoyle Gladiator on Jan 18, 2017.
             Was an Initiate of Gozag.
             Escaped with the Orb
             ... and 3 runes on Jan 19, 2017!
             The game lasted 03:33:34 (66049 turns).

SexyTrash the Gargoyle Barricade (GrGl)            Turns: 66049, Time: 03:33:35

Health: 140/179    AC: 73    Str: 31    XL:     27
Magic:  32/32      EV: 14    Int: 14    God:    Gozag
Gold:   4683       SH: 32    Dex: 20    Spells: 26/26 levels left

rFire    + . .     SeeInvis +   Z - +9 trident (vamp)
rCold    + + .     Gourm    .   s - +9 armour of the Dragon King {rPois rF+ rC+ MR+}
rNeg     + + .     Faith    .   e - +0 large shield "Peobitikk" {*Slow MR+ Str+3 Slay+5} (curse)
rPois    ∞         Spirit   .   F - +0 helmet of Marbles {rF+ Int+4}
rElec    +         Reflect  +   c - +2 cloak {MR+}
rCorr    .         Harm     .   T - +2 pair of gloves {Dex+3}
MR       +++++                  l - +2 pair of boots
Stlth    ..........             L - amulet of the Devil {Reflect rF- Slay+5 SH+3}
Regen    0.4/turn               I - ring of Leaves {rN+ Str+7 SInv}
                                o - ring "Motatwy" {rC+ MP+9 AC+5 Str-3 Stlth+}

@: corroded
A: big wings, yellow scales 1, clumsy 1, frail 1, negative energy resistance 1,
electricity resistance, strong 1, unbreathing, petrification resistance, rot
immunity, AC +20
0: Orb of Zot
}: 3/15 runes: barnacled, silver, gossamer
a: Fly, Potion Petition, Call Merchant, Bribe Branch, Renounce Religion


You escaped.
You worshipped Gozag.
Gozag was most pleased with you.
You were not hungry.

You visited 10 branches of the dungeon, and saw 50 of its levels.
You visited the Abyss 1 time.
You also visited: Labyrinth and Ice Cave.

You collected 28947 gold pieces.
You spent 9705 gold pieces at shops.
You paid 14559 gold pieces to Gozag.

Inventory:

Hand Weapons
 R - a +0 demon trident
 Z - a +9 vampiric trident (weapon)
Missiles
 u - 3 throwing nets (quivered)
Armour
 c - a +2 cloak of magic resistance (worn)
 e - the cursed +0 large shield "Peobitikk" (worn) {*Slow MR+ Str+3 Slay+5}
   (You bought it in a shop on level 2 of the Orcish Mines)

   It affects your strength (+3).
   It affects your accuracy and damage with ranged weapons and melee attacks
   (+5).
   It affects your resistance to hostile enchantments.
   It may slow you when you take damage.
   It has a curse placed upon it.
 l - a +2 pair of boots (worn)
 s - the +9 armour of the Dragon King (worn) {rPois rF+ rC+ MR+}
   (You took it off a tengu warrior on level 2 of the Depths)

   It protects you from fire.
   It protects you from cold.
   It protects you from poison.
   It affects your resistance to hostile enchantments.
 x - a +0 large shield of protection
 F - the +0 helmet of Marbles (worn) {rF+ Int+4}
   (You bought it in a shop on level 2 of the Orcish Mines)

   It affects your intelligence (+4).
   It protects you from fire.
 T - a +2 pair of gloves of dexterity (worn)
Jewellery
 a - an uncursed ring of protection from cold
 o - the ring "Motatwy" (left hand) {rC+ MP+9 AC+5 Str-3 Stlth+}
   (You bought it in a shop on level 2 of the Orcish Mines)

   [ring of protection]

   It affects your AC (+5).
   It affects your strength (-3).
   It protects you from cold.
   It affects your magic capacity (+9).
   It makes you more stealthy.
 y - an uncursed ring of resist corrosion
 D - the amulet of Ogikaxill {RegenMP rC+ rN+ Dex+3}
   (You bought it in a shop on level 2 of the Orcish Mines)

   [amulet of magic regeneration]

   It increases your magic regeneration.
   It affects your dexterity (+3).
   It protects you from cold.
   It protects you from negative energy.
 I - the ring of Leaves (right hand) {rN+ Str+7 SInv}
   (You bought it in a shop on level 2 of the Shoals)

   [ring of see invisible]

   It affects your strength (+7).
   It protects you from negative energy.
   It lets you see invisible.
 L - the amulet of the Devil (around neck) {Reflect rF- Slay+5 SH+3}
   (You bought it in a shop on level 2 of the Shoals)

   [amulet of reflection]

   It shields you and reflects attacks.
   It affects your accuracy and damage with ranged weapons and melee attacks
   (+5).
   It makes you vulnerable to fire.
   It affects your SH (+3).
 O - the ring of Robustness {AC+8}
   (You took it off a deep elf mage on level 5 of the Vaults)

   [ring of protection]

   It affects your AC (+8).
 S - an uncursed ring of ice
 V - an uncursed ring of protection from magic
 X - an uncursed ring of protection from fire
Wands
 w - a wand of digging (0/24)
 M - a wand of digging (7/24)
 N - a wand of digging (1/24)
Scrolls
 b - 18 scrolls of identify
 h - 12 scrolls of enchant armour
 i - 7 scrolls of magic mapping
 k - 7 scrolls of recharging
 n - 2 scrolls of holy word
 q - 16 scrolls of teleportation
 v - 2 scrolls of summoning
 z - 2 scrolls of blinking
 E - 3 scrolls of enchant weapon
 G - 19 scrolls of remove curse
 H - a scroll of brand weapon
 W - 7 scrolls of fear
 Y - 7 scrolls of fog
Potions
 d - a potion of might
 g - 6 potions of heal wounds
 j - 3 potions of agility
 m - 2 potions of haste
 p - 14 potions of brilliance
 r - 5 potions of magic
 t - 4 potions of invisibility
 A - 3 potions of cure mutation
 C - 7 potions of ambrosia
 J - 8 potions of flight
 P - 25 potions of curing
 Q - 6 potions of resistance
 U - 4 potions of cancellation
Comestibles
 f - 39 bread rations
 K - 8 meat rations


   Skills:
 O Level 27 Fighting
 - Level 14.3 Polearms
 - Level 1.7 Throwing
 + Level 25.7 Armour
 - Level 9.0 Dodging
 O Level 27 Shields


You had 26 spell levels left.
You didn't know any spells.

Dungeon Overview and Level Annotations

Branches:
Dungeon (15/15)            Temple (1/1) D:6            Lair (6/6) D:11
 Shoals (4/4) Lair:2       Spider (4/4) Lair:2          Orc (2/2) D:11
    Elf (3/3) Orc:2        Vaults (5/5) D:14          Crypt (0/3) Vaults:2
 Depths (5/5) D:15            Zot (5/5) Depths:5
  Slime: Lair:5-6

Altars:
Ashenzari
Fedhas
Gozag
Hepliaklqana
Kikubaaqudgha
Nemelex Xobeh
Ru
Sif Muna
Trog
Uskayaw
Zin
Beogh

Shops:
D:5 [   D:9 *   D:11 %   D:12 *}}%   Orc:1 ?(   Orc:2 =[(*   Elf:2 }   Lair:2 !
Lair:4 [   Shoals:2 !=   Spider:4 ?   Vaults:1 [(![   Vaults:2 ?
Depths:3 ((*[   Depths:5 *

Portals:
Hell: Depths:1 Depths:2 Depths:3 Depths:4 Depths:5
Abyss: Depths:2 Depths:4 Depths:5
Pandemonium: Depths:1 Depths:3
Ziggurat: Depths:4
Trove: Depths:5 (give +4 fire dragon scales)

Annotations:
Lair:4 Rupert
Lair:6 exclusion: 5 oklob plants
Elf:2 3 runed doors
Depths:1 exclusion: door


Innate Abilities, Weirdness & Mutations

You are resistant to torment.
Your stone body is resilient. (AC +20)
You are immune to poison.
Your large and strong wings let you fly indefinitely.
You resist negative energy. (rN+)
You are resistant to electric shocks. (rElec)
You can survive without breathing.
You are immune to petrification.
You are immune to rotting.
You are partially covered in yellow scales. (AC +2)
You are clumsy. (Dex -2)
You are frail. (-10% HP)
Your muscles are strong. (Str +2)


Message History

A small abomination comes into view.
You see here 3 gold pieces.
Cumeox gestures at you. The bolt of acid hits you!
You are splashed with acid!
The acid burns!
Cumeox gestures.
Cumeox hits you! You block Cumeox's attack. You block the ice devil's attack.
The small abomination barely misses you.
You block the red devil's attack.
There is an open door here.
You block the ice devil's attack. Cumeox gestures at you.
The bolt of acid hits you! The acid corrodes you!
You are splashed with acid!
The acid burns!
You block the ice devil's attack. Cumeox gestures at you.
The bolt of acid misses you.
There is a staircase leading out of the dungeon here.
You can't go down here!
Cumeox hits you but does no damage. You block Cumeox's attack.
You block the ice devil's attack.
You have escaped!

##..#####..>....# #.#.######
...## ##..†...# #.#.# ### #..#
##...#.## #.#.# #.. ##.# #####..#
#...########.# #.#
####'####........##.# ##.##
#.......#)######.##.# ....#
#.8.8.8.#.# #.##.# ##.†#
###....444#.######.##..
....#######.'.8.@&8.'.$......####
............#.....x.#.######.#
#############.8.8.8.#.# #.#
#.......#.# #.#### #####'####.#
#..>.. #.##..# #.# #.###.
#########.##.#####.# #.###.
####.)................# #....#
.......#####.########## #.##.#


You could see Cumeox, an ice devil, a rust devil, a red devil and a small
abomination.

Vanquished Creatures
  An orb of fire (Zot:5)
  Sojobo (Depths:2)
  Boris (Vaults:3)
  Bai Suzhen (Vaults:5)
  A Killer Klown (Zot:5)
  A curse toe (Zot:4)
  7 golden dragons
  Jory (Depths:4)
  Nikola (Spider:2)
  Arachne (Spider:2)
  A Tzitzimitl (Depths:1)
  A bone dragon (Depths:5)
  7 electric golems
  13 tentacled monstrosities
  An Ice Fiend (IceCv)
  7 titans
  7 Orb Guardians
  4 deep elf blademasters (Elf:3)
  3 deep elf master archers (Elf:3)
  8 acid blobs (Zot:4)
  4 liches
  4 quicksilver dragons
  11 death cobs
  A kraken (Shoals:1)
  Frances (D:14)
  6 sphinxes
  8 draconian monks
  Agnes (D:15)
  9 tengu reavers
  18 storm dragons
  Donald (Spider:1)
  18 shadow dragons
  9 fire giants
  Ilsuiw (Shoals:4)
  10 vault wardens
  7 deep elf sorcerers
  7 frost giants
  Louise (Depths:4)
  4 draconian knights
  9 draconian scorchers
  An iron dragon (Depths:4)
  Aizul (Elf:2)
  5 emperor scorpions
  2 orc warlords
  4 deep elf elementalists
  11 ghost moths
  5 draconian annihilators
  5 draconian shifters
  22 very ugly things
  15 ironheart preservers
  4 draconian stormcallers
  2 war gargoyles (Vaults:5)
  12 stone giants
  2 entropy weavers
  9 green draconians
  The ghost of UltimateCarl the Brawler, a journeyman TrCK of Xom (D:12)
  9 deep elf annihilators
  3 vampire knights
  5 deep elf demonologists
  6 black draconians
  8 red draconians
  5 spark wasps
  A dire elephant (D:15)
  22 yellow draconians
  7 purple draconians
  10 white draconians
  15 ettins
  A minotaur (Lab)
  4 deep elf death magi
  8 merfolk javelineers
  Josephine (D:13)
  15 yaktaur captains
  7 merfolk impalers
  5 deep elf high priests
  5 fire dragons
  Fannar (Orc:1)
  5 great orbs of eyes
  A catoblepas (Lair:3)
  6 hydras
  3 jiangshi (Depths:2)
  5 rakshasas
  2 spriggan air magi (Depths:3)
  9 ice dragons
  Erica (D:11)
  32 vault guards
  48 two-headed ogres
  16 ogre magi
  The ghost of droogie the Basher, a journeyman GrGl of Nemelex Xobeh (D:12)
  4 merfolk aquamancers (Shoals:4)
  3 death knights
  4 merfolk avatars
  6 deep troll shamans
  An alligator (Lair:6)
  4 centaur warriors
  5 satyrs
  4 tengu warriors
  10 death yaks
  A vampire mage (Depths:2)
  4 deep troll earth magi
  4 orc high priests
  Urug (Orc:2)
  8 hell knights
  6 spriggan berserkers
  15 deep elf knights
  3 shadow wraiths
  A sixfirhy (Zot:1)
  A sun demon (Zot:1)
  Nergalle (D:10)
  3 iron trolls
  16 skeletal warriors
  18 deep trolls
  A fire crab (shapeshifter) (Vaults:5)
  3 flayed ghosts
  4 wizards
  2 glowing orange brains
  17 sea snakes
  A shadow demon (Depths:3)
  7 unseen horrors
  A deep troll (shapeshifter) (Vaults:4)
  3 swamp dragons
  An unseen horror (shapeshifter) (Vaults:5)
  13 deep elf archers
  20 orc knights
  Pikel (D:6)
  22 ironbrand convokers
  The ghost of bjtr the Magician, a novice DrWz (D:8)
  5 phantasmal warriors
  11 harpies
  7 orc sorcerers
  15 orb spiders
  59 deep elf magi
  41 ugly things
  A mana viper (shapeshifter) (Elf:2)
  A faun (shapeshifter) (Vaults:4)
  8 necromancers
  30 fauns
  2 oklob plants
  A sphinx skeleton (Depths:1)
  The ghost of Zazen the Covered, a novice DsWr of Makhleb (D:5)
  29 wolf spiders
  9 cyclopes
  49 slime creatures
  12 manticores
  A cyclops (shapeshifter) (Depths:2)
  A salamander (D:15)
  11 merfolk sirens
  20 moths of wrath
  A moth of wrath (shapeshifter) (D:14)
  11 vault sentinels
  3 ice statues
  A rust devil (Depths:3)
  A stone giant skeleton (Depths:1)
  2 black mambas (shapeshifter)
  6 black mambas
  3 spiny frogs (shapeshifter)
  5 water nymphs
  2 torpor snails
  A gargoyle (D:12)
  5 centaur skeletons
  17 spiny frogs
  A yaktaur zombie (Depths:1)
  A komodo dragon (shapeshifter) (Depths:3)
  36 yaktaurs
  4 anaconda simulacra (IceCv)
  12 komodo dragons
  8 demonic crawlers
  14 freezing wraiths
  2 golden dragon simulacra (IceCv)
  3 rime drakes
  A red devil (Zot:1)
  7 ice devils
  5 trolls
  3 tengu conjurers
  15 jumping spiders
  A wolf spider simulacrum (IceCv)
  18 merfolk
  10 polar bears (Lair:6)
  A tengu simulacrum (Vaults:2)
  3 meliai (D:13)
  A polar bear (shapeshifter) (Vaults:1)
  A fire dragon zombie (Depths:1)
  7 hornets
  A blink frog (shapeshifter) (Vaults:2)
  15 hippogriffs
  5 wind drakes
  14 blink frogs
  13 dream sheep
  A raiju (Lair:6)
  9 snapping turtles
  73 redbacks
  20 water elementals
  4 wyverns
  A tarantella (shapeshifter) (Vaults:4)
  7 air elementals
  32 tarantellas
  2 dire elephant simulacra (IceCv)
  An elf simulacrum (Depths:1)
  43 yaks
  3 vampires (Vaults:2)
  5 wraiths
  A human (shapeshifter) (Depths:4)
  A chaos spawn (D:9)
  2 steam dragons (Lair:6)
  19 humans (D:14)
  A basilisk (D:15)
  A neqoxec (Zot:3)
  3 vampire mosquitoes
  2 yaktaur simulacra
  8 wargs
  5 harpy simulacra (IceCv)
  2 hungry ghosts
  2 iron troll simulacra (IceCv)
  A swamp worm (shapeshifter) (Vaults:4)
  A swamp worm (Lair:5)
  4 soldier ants
  2 acid dragons
  14 hell hounds (Lair:6)
  15 water moccasins
  A floating eye (shapeshifter) (Elf:3)
  9 porcupines
  12 black bears
  40 orc warriors
  4 ettin simulacra (IceCv)
  An eye of draining (D:11)
  4 ice beasts
  2 swamp drakes
  2 phantoms
  5 sky beasts
  An alligator simulacrum (IceCv)
  An ogre (shapeshifter) (Depths:1)
  29 wolves
  44 ogres
  15 centaurs
  18 crocodiles
  2 big kobolds
  20 bullfrogs
  6 earth elementals
  A gnoll sergeant (D:4)
  A water moccasin zombie (D:7)
  A wyvern skeleton (D:12)
  4 scorpions
  16 killer bees
  An electric eel (Lair:1)
  11 wights
  9 howler monkeys
  10 crimson imps
  4 hounds
  4 bullfrog zombies
  A human simulacrum (Vaults:2)
  7 centaur zombies
  3 gnoll shamans
  3 bullfrog skeletons
  21 orc priests
  19 jellies
  An iron imp (D:1)
  16 iguanas
  19 orc wizards
  A lightning spire (Zot:4)
  A polar bear simulacrum (IceCv)
  9 worker ants
  4 hell rats (Lair:3)
  3 spriggan simulacra (IceCv)
  4 troll simulacra (IceCv)
  4 centaur simulacra
  A hound zombie (D:9)
  2 hound skeletons
  41 gnolls
  A worker ant zombie (D:11)
  10 adders
  3 naga simulacra (IceCv)
  An ogre simulacrum (IceCv)
  A shadow imp (D:3)
  7 white imps (IceCv)
  5 ufetubi (IceCv)
  3 oozes (D:1)
  An adder skeleton (D:10)
  An adder zombie (D:8)
  A worm (shapeshifter) (Vaults:5)
  3 worms
  A dart slug (D:3)
  11 leopard geckos
  77 orcs
  2 giant cockroaches
  4 goblins
  9 hobgoblins
  20 jackals
  2 quokkas
  2 ball pythons (D:3)
  6 bats
  5 frilled lizards
  2 jackal skeletons
  15 kobolds
  13 rats
  A butterfly (Lair:4)
  3 plants
  5 tentacles (Shoals:1)
2298 creatures vanquished.

Vanquished Creatures (collateral kills)
  An ancient lich (Zot:5)
  4 Killer Klowns (Zot:5)
  2 electric golems (Zot:5)
  A tentacled monstrosity (Zot:5)
  15 Orb Guardians (Zot:5)
  A death cob (Zot:5)
  A shadow dragon (Zot:5)
  A draconian annihilator (Zot:5)
  A green draconian (Zot:5)
  A black draconian (Zot:5)
  A yellow draconian (Zot:5)
  2 purple draconians (Zot:5)
  A moth of wrath (Zot:5)
32 creatures vanquished.

Vanquished Creatures (others)
  An orb of fire (Zot:5)
  A tentacled monstrosity (Zot:5)
  3 stone giants
  A yellow draconian (Zot:1)
  A white draconian (Zot:3)
  A red draconian (Zot:5)
  3 yaktaur captains
  A centaur warrior (Vaults:3)
  11 dancing weapons
  A hell hog (Depths:4)
  A deep elf knight (Elf:3)
  A fire crab (shapeshifter) (Vaults:2)
  A deep elf archer (Elf:3)
  A wolf spider (Spider:2)
  4 deep elf magi
  3 cyclopes
  A vault sentinel (Vaults:1)
  A moth of wrath (Zot:5)
  18 yaktaurs
  A crocodile (Lair:5)
  3 centaurs (Vaults:2)
  An orc (Vaults:4)
  A quokka (D:6)
  3 fungi
  87 plants
  11 tentacles (Shoals:1)
162 creatures vanquished.

Grand Total: 2492 creatures vanquished

Notes
Turn   | Place    | Note
-------+----------+-------------------------------------------
     0 | D:1      | SexyTrash the Gargoyle Gladiator began the quest for the Orb.
     0 | D:1      | Reached XP level 1. HP: 12/12 MP: 1/1
    12 | D:1      | Reached skill level 1 in Armour
    12 | D:1      | Reached XP level 2. HP: 17/17 MP: 2/2
   187 | D:1      | Reached XP level 3. HP: 21/21 MP: 3/3
   654 | D:1      | Reached XP level 4. HP: 23/26 MP: 4/4
  1730 | D:3      | Reached XP level 5. HP: 26/30 MP: 5/5
  2057 | D:4      | Reached XP level 6. HP: 34/35 MP: 6/6
  2213 | D:4      | Reached skill level 5 in Polearms
  2354 | D:4      | Got a polished ring mail
  2881 | D:4      | Reached skill level 5 in Armour
  2930 | D:4      | Reached XP level 7. HP: 40/40 MP: 7/7
  3696 | D:5      | Entered Level 5 of the Dungeon
  3756 | D:5      | Reached XP level 8. HP: 36/44 MP: 8/8
  4040 | D:5      | Found Gunopeiq's Antique Armour Boutique.
  4048 | D:5      | Bought a runed cloak for 273 gold pieces
  4053 | D:5      | Identified the +0 ring mail of Past Mistakes {rN+ Dex+3} (You found it on level 4 of the Dungeon)
  4066 | D:5      | Noticed Zazen's ghost (novice DsWr)
  5372 | D:6      | Noticed Pikel
  5405 | D:6      | Killed Pikel
  5405 | D:6      | Reached XP level 9. HP: 48/48 MP: 9/9
  5452 | D:6      | Found a staircase to the Ecumenical Temple.
  5459 | Temple   | Entered the Ecumenical Temple
  5485 | Temple   | Became a worshipper of Gozag Ym Sagoz the Greedy
  5748 | D:7      | Found a sparkling altar of Nemelex Xobeh.
  5749 | D:7      | Found an ancient bone altar of Kikubaaqudgha.
  5752 | D:7      | Found a sacrificial altar of Ru.
  5752 | D:7      | Found a hazy altar of Hepliaklqana.
  5937 | D:7      | Found a bloodstained altar of Trog.
  6051 | D:7      | Found a deep blue altar of Sif Muna.
  6054 | D:7      | Found a blossoming altar of Fedhas.
  6057 | D:7      | Found a hide-covered altar of Uskayaw.
  6653 | D:8      | Noticed a two-headed ogre
  6935 | D:8      | Killed a two-headed ogre
  6935 | D:8      | Reached skill level 10 in Armour
  6935 | D:8      | Reached XP level 10. HP: 38/53 MP: 10/10
  7193 | D:8      | Noticed bjtr's ghost (novice DrWz)
  7237 | D:8      | Killed bjtr's ghost
  7237 | D:8      | Reached skill level 10 in Polearms
  7484 | D:8      | Noticed a two-headed ogre
  7490 | D:8      | Killed a two-headed ogre
  8025 | D:9      | Reached XP level 11. HP: 51/57 MP: 11/11
  8362 | D:9      | Noticed a two-headed ogre
  8374 | D:9      | Killed a two-headed ogre
  9203 | D:10     | Entered Level 10 of the Dungeon
  9507 | D:10     | Noticed a two-headed ogre
  9591 | D:10     | Killed a two-headed ogre
  9916 | D:10     | Noticed Nergalle
 10048 | D:10     | Killed Nergalle
 10418 | D:11     | Found a labyrinth entrance.
 10474 | Lab      | Entered a labyrinth
 10804 | Lab      | Killed an unseen horror
 10836 | Lab      | Killed an unseen horror
 10955 | Lab      | Noticed a minotaur
 10987 | Lab      | Killed a minotaur
 10987 | Lab      | Reached XP level 12. HP: 16/62 MP: 12/12
 11157 | Lab      | Got a shimmering lead ring
 11157 | Lab      | Got an ancient tin ring
 11158 | Lab      | Identified the ring of Qazlal's Favour {Wiz rPois} (You found it in a labyrinth)
 11160 | Lab      | Got an ancient chain mail
 11337 | D:11     | Found a staircase to the Orcish Mines.
 11560 | D:11     | Found a staircase to the Lair.
 11603 | D:11     | Found Pihao's Food Shoppe.
 12561 | D:11     | Noticed a seven-headed hydra
 12839 | Lair:1   | Entered Level 1 of the Lair of Beasts
 13395 | Lair:1   | Noticed an ice dragon
 13419 | Lair:2   | Identified the Almanac of Changing and the Mountains
 13445 | Lair:2   | Noticed a five-headed hydra
 13483 | Lair:2   | Killed a five-headed hydra
 13740 | Lair:2   | Found a staircase to the Shoals.
 13788 | Lair:2   | Reached skill level 5 in Fighting
 14236 | Lair:2   | Bought a potion of brilliance for 60 gold pieces
 14236 | Lair:2   | Bought a potion of curing for 45 gold pieces
 14236 | Lair:2   | Bought a potion of agility for 60 gold pieces
 14236 | Lair:2   | Bought a potion of resistance for 150 gold pieces
 14575 | Lair:2   | Found a hole to the Spider Nest.
 15482 | Lair:3   | Identified the +2 chain mail of Wyeh {+Blink Regen+ rCorr Int-2} (You found it in a labyrinth)
 15640 | Lair:3   | Noticed a catoblepas
 15898 | Lair:3   | Reached XP level 13. HP: 76/76 MP: 13/13
 16863 | Lair:4   | Noticed Rupert
 16923 | Lair:5   | Identified the ring "Zottai Bysem" {*Contam rC+ Str+3} (You found it in a labyrinth)
 18006 | Lair:6   | Entered Level 6 of the Lair of Beasts
 18227 | Lair:6   | Got a faintly glowing lapis lazuli ring
 18358 | Lair:6   | Reached skill level 10 in Fighting
 18496 | Lair:6   | Reached skill level 5 in Dodging
 18698 | Lair:6   | Gained mutation: Your large and strong wings let you fly indefinitely. [Gargoyle growth]
 18698 | Lair:6   | Reached XP level 14. HP: 88/88 MP: 14/14
 20262 | Lair:4   | Bought the cursed +0 buckler of Untruth {Dex+5} for 361 gold pieces
 20262 | Lair:4   | Bought a +0 large shield of protection for 218 gold pieces
 20262 | Lair:4   | Bought a +0 pair of gloves of dexterity for 218 gold pieces
 20349 | Lair:4   | Reached skill level 1 in Shields
 21136 | Lair:4   | Paralysed by Rupert for 4 turns
 21437 | D:5      | Killed Zazen's ghost
 21833 | Lair:1   | Reached skill level 5 in Shields
 21863 | Lair:1   | Reached XP level 15. HP: 99/99 MP: 15/15
 22298 | D:12     | Found Wilab's Gadget Shop.
 22366 | D:12     | Bought a wand of digging (17/24) for 588 gold pieces
 22531 | D:12     | Found Faumesi's Gadget Emporium.
 22688 | D:12     | Got a translucent ruby amulet
 22689 | D:12     | Identified the amulet of the Insatiable Moons {Faith +Inv rC+++ MR- SInv} (You found it on level 12 of the Dungeon)
 22732 | D:12     | Found Lukoix's Assorted Antiques.
 22738 | D:12     | Bought a scroll of teleportation for 69 gold pieces
 22755 | D:12     | Noticed droogie's ghost (journeyman GrGl)
 22802 | D:12     | Killed droogie's ghost
 22941 | D:12     | Noticed UltimateCarl's ghost (journeyman TrCK)
 23088 | Orc:1    | Entered Level 1 of the Orcish Mines
 23088 | Orc:1    | Found Ixzuasok's Antique Weapon Emporium.
 23088 | Orc:1    | Noticed Erica
 23104 | D:11     | Killed Erica
 23246 | D:12     | Found Fuattudgh's Food Emporium.
 23621 | D:13     | Noticed Josephine
 23644 | D:13     | Killed Josephine
 24093 | D:13     | Identified the ring "Ucyatsar" {EV+2 Dex+2} (You found it on level 6 of the Lair of Beasts)
 24687 | D:12     | Killed UltimateCarl's ghost
 24950 | Orc:1    | Found Hozets's Magic Scroll Emporium.
 24953 | Orc:1    | Noticed Fannar
 24976 | Orc:1    | Killed Fannar
 25007 | Orc:1    | Bought a scroll of teleportation for 45 gold pieces
 25007 | Orc:1    | Bought a scroll of identify for 30 gold pieces
 25007 | Orc:1    | Bought a scroll of identify for 30 gold pieces
 25007 | Orc:1    | Bought a scroll of remove curse for 45 gold pieces
 25007 | Orc:1    | Bought a scroll of remove curse for 45 gold pieces
 25007 | Orc:1    | Bought a scroll of teleportation for 45 gold pieces
 25343 | Orc:2    | Entered Level 2 of the Orcish Mines
 25350 | Orc:2    | Found a staircase to the Elven Halls.
 26056 | Orc:2    | Noticed Urug
 26060 | Orc:2    | Noticed an orc warlord
 26276 | Orc:2    | Killed Urug
 26352 | Orc:2    | Killed an orc warlord
 26352 | Orc:2    | Reached skill level 15 in Fighting
 26370 | Orc:2    | Found a roughly hewn altar of Beogh.
 26377 | Orc:2    | Found Oviaxto's Antique Armour Emporium.
 26453 | Orc:2    | Found Inijin's General Store.
 26488 | Orc:2    | Bought a brightly glowing large shield for 247 gold pieces
 26488 | Orc:2    | Identified the cursed +0 large shield "Peobitikk" {*Slow MR+ Str+3 Slay+5} (You bought it in a shop on level 2 of the Orcish Mines)
 26555 | Orc:2    | Found Dupoany's Antique Weapon Emporium.
 26572 | Orc:2    | Found Iddemp's Jewellery Emporium.
 26581 | Orc:2    | Bought the ring "Motatwy" {rC+ MP+9 AC+5 Str-3 Stlth+} for 917 gold pieces
 26581 | Orc:2    | Bought the amulet of Ogikaxill {RegenMP rC+ rN+ Dex+3} for 763 gold pieces
 26600 | Orc:2    | Bought a scroll of identify for 24 gold pieces
 26600 | Orc:2    | Bought the +0 helmet of Marbles {rF+ Int+4} for 322 gold pieces
 26723 | Orc:2    | Bought a shiny shield for 273 gold pieces
 26964 | D:14     | Reached skill level 10 in Shields
 27138 | D:14     | Reached XP level 16. HP: 108/108 MP: 16/16
 27155 | D:14     | Found a gate to the Vaults.
 27305 | D:14     | Noticed Frances
 27317 | D:14     | Killed Frances
 27497 | D:14     | Found an opulent altar of Gozag.
 27591 | D:14     | Found a deep blue altar of Sif Muna.
 28282 | Shoals:1 | Entered Level 1 of the Shoals
 28634 | Shoals:1 | Noticed a kraken
 28767 | Shoals:1 | Killed a kraken
 29756 | Shoals:2 | Found Luylacs's Distillery.
 29923 | Shoals:2 | Found Biethros's Jewellery Emporium.
 30247 | Shoals:2 | Bought a potion of might for 52 gold pieces
 30247 | Shoals:2 | Bought a potion of curing for 39 gold pieces
 30247 | Shoals:2 | Bought a potion of haste for 130 gold pieces
 30247 | Shoals:2 | Bought a potion of agility for 52 gold pieces
 30247 | Shoals:2 | Bought a potion of heal wounds for 65 gold pieces
 30247 | Shoals:2 | Bought a potion of curing for 39 gold pieces
 30247 | Shoals:2 | Bought a potion of curing for 39 gold pieces
 30247 | Shoals:2 | Bought a potion of curing for 39 gold pieces
 30412 | Shoals:3 | Reached XP level 17. HP: 111/117 MP: 17/17
 31163 | Shoals:4 | Entered Level 4 of the Shoals
 31163 | Shoals:4 | Noticed Ilsuiw
 31884 | Shoals:4 | Got a barnacled rune of Zot
 32016 | Shoals:4 | Killed Ilsuiw
 32901 | Shoals:4 | Reached skill level 15 in Shields
 33245 | Shoals:2 | Bought the amulet of the Devil {Reflect rF- Slay+5 SH+3} for 920 gold pieces
 33364 | Spider:1 | Entered Level 1 of the Spider Nest
 33831 | Shoals:2 | Reached XP level 18. HP: 126/126 MP: 18/18
 33839 | Shoals:2 | Bought the ring of Leaves {rN+ Str+7 SInv} for 818 gold pieces
 34444 | Spider:2 | Noticed Donald
 34476 | Spider:1 | Killed Donald
 34830 | Spider:2 | Noticed Nikola
 34863 | Spider:2 | Killed Nikola
 35103 | Spider:2 | Noticed Arachne
 35152 | Spider:2 | Killed Arachne
 36619 | Spider:4 | Entered Level 4 of the Spider Nest
 36801 | Spider:4 | Found a frozen archway.
 36859 | IceCv    | Entered an ice cave
 37662 | IceCv    | Noticed an Ice Fiend
 37715 | IceCv    | Killed an Ice Fiend
 38752 | Spider:4 | Reached XP level 19. HP: 133/135 MP: 1/19
 38881 | Spider:4 | Bought a scroll of identify for 26 gold pieces
 38881 | Spider:4 | Bought a scroll of enchant armour for 97 gold pieces
 38881 | Spider:4 | Bought a scroll of fear for 45 gold pieces
 38881 | Spider:4 | Bought a scroll of teleportation for 39 gold pieces
 38881 | Spider:4 | Bought a scroll of identify for 26 gold pieces
 39605 | Spider:4 | Got a gossamer rune of Zot
 39891 | D:15     | Entered Level 15 of the Dungeon
 40580 | D:15     | Found a staircase to the Depths.
 40722 | D:15     | Noticed Agnes
 40740 | D:15     | Killed Agnes
 40930 | Elf:1    | Entered Level 1 of the Elven Halls
 41364 | Elf:1    | Identified the Volume of Conjuration
 42077 | Elf:2    | Noticed Aizul
 42095 | Elf:2    | Killed Aizul
 42102 | Elf:2    | Found Jikhoury's Gadget Shoppe.
 42196 | Elf:2    | Found a runed gate.
 42196 | Elf:2    | Found a runed gate.
 42218 | Elf:2    | Found a runed gate.
 42223 | Elf:2    | Identified the +6 morningstar "Acoeg" {crush, rPois rF- Dex+2} (You found it on level 2 of the Elven Halls)
 42229 | Elf:2    | Found an ancient bone altar of Kikubaaqudgha.
 42499 | Elf:3    | Entered Level 3 of the Elven Halls
 43248 | Elf:3    | Cast into level 4 of the Abyss (a deep elf sorcerer)
 43268 | Elf:3    | Escaped the Abyss
 43272 | Elf:3    | Reached XP level 20. HP: 138/144 MP: 20/20
 43831 | Elf:3    | Got an ebony trident {flame}
 43946 | Elf:3    | Identified the +2 trident of Revolt {flame, rPois Int+5} (You took it off a deep elf death mage on level 3 of the Elven Halls)
 44200 | Vaults:1 | Entered Level 1 of the Vaults
 44456 | Vaults:1 | Bought a twisted scale mail for 315 gold pieces
 44457 | Vaults:1 | Identified the +2 scale mail of Qazlal's Hope {rN++ Regen+ Str+8 Int-2} (You bought it in a shop on level 1 of the Vaults)
 44622 | Vaults:1 | Got a crude lead ring
 44945 | Vaults:1 | Found Ryhuckad's Weapon Shoppe.
 45101 | Vaults:1 | Reached XP level 21. HP: 152/152 MP: 21/21
 45511 | Vaults:2 | Gained mutation: You are partially covered in yellow scales. (AC +2) [potion of beneficial mutation]
 45512 | Vaults:2 | Gained mutation: You evolve. [potion of beneficial mutation]
 45797 | Vaults:2 | Found a staircase to the Crypt.
 46084 | Vaults:2 | Identified the ring of Loithyph {rC- Int+7 Dex+7 SInv} (You took it off an orc knight on level 1 of the Vaults)
 47171 | Vaults:2 | Bought a scroll of teleportation for 51 gold pieces
 47171 | Vaults:2 | Bought a scroll of teleportation for 51 gold pieces
 47171 | Vaults:2 | Bought a scroll of fog for 34 gold pieces
 47171 | Vaults:2 | Bought a scroll of identify for 34 gold pieces
 47171 | Vaults:2 | Bought a scroll of enchant weapon for 127 gold pieces
 47171 | Vaults:2 | Bought a scroll of fog for 34 gold pieces
 47171 | Vaults:2 | Bought a scroll of identify for 34 gold pieces
 48040 | Vaults:3 | Reached XP level 22. HP: 161/161 MP: 22/22
 48177 | Vaults:3 | Noticed Boris
 48204 | Vaults:3 | Killed Boris
 48631 | Vaults:3 | Upgraded the game from 0.20-a0-494-gf50ee04 to 0.20-a0-495-g2241292
 49943 | Vaults:4 | Identified the cursed +0 quarterstaff of the Thoughtful Realms {distort, Int+2 Dex+2} (You found it on level 4 of the Vaults)
 50526 | Depths:1 | Entered Level 1 of the Depths
 50890 | Depths:1 | Found a one-way gate leading to the halls of Pandemonium.
 50956 | Depths:1 | Reached XP level 23. HP: 170/170 MP: 23/23
 51077 | Depths:1 | Found a gateway to Hell.
 51522 | Depths:2 | Gained mutation: You are clumsy. (Dex -2) [evolution]
 51969 | Depths:2 | Noticed Sojobo
 52003 | Depths:2 | Killed Sojobo
 52291 | Depths:2 | Found a one-way gate to the infinite horrors of the Abyss.
 52406 | Depths:3 | Found Lirghuoto's Weapon Shoppe.
 52419 | Depths:3 | Reached skill level 15 in Armour
 52445 | Depths:3 | Found Forchyuz's Assorted Antiques.
 52447 | Depths:3 | Found Wapo Jack's Antique Weapon Shoppe.
 52573 | Depths:3 | Bought a potion of heal wounds for 215 gold pieces
 52573 | Depths:3 | Bought a scroll of identify for 86 gold pieces
 52573 | Depths:3 | Bought a scroll of teleportation for 129 gold pieces
 52767 | Depths:3 | Found Akhoen's Armour Shoppe.
 53784 | Vaults:1 | Bought a potion of heal wounds for 110 gold pieces
 53784 | Vaults:1 | Bought a potion of curing for 66 gold pieces
 53784 | Vaults:1 | Bought a potion of might for 88 gold pieces
 53784 | Vaults:1 | Bought a potion of heal wounds for 110 gold pieces
 53784 | Vaults:1 | Bought a potion of curing for 66 gold pieces
 53784 | Vaults:1 | Bought a potion of curing for 66 gold pieces
 53784 | Vaults:1 | Bought a potion of heal wounds for 110 gold pieces
 53784 | Vaults:1 | Bought a potion of heal wounds for 110 gold pieces
 53897 | Vaults:5 | Entered Level 5 of the Vaults
 53982 | Vaults:4 | Reached XP level 24. HP: 176/176 MP: 23/23
 54935 | Vaults:5 | Got a glittering copper ring
 54959 | Vaults:5 | Got a jewelled helmet
 54960 | Vaults:5 | Identified the +0 helmet "Ubonuce" {rC+ Int+4} (You found it on level 5 of the Vaults)
 54962 | Vaults:5 | Identified the ring "Xinax" {Dex+2 SInv} (You found it on level 5 of the Vaults)
 55152 | Vaults:5 | Got a silver rune of Zot
 55487 | Vaults:5 | Identified Weupud's Papyrus of Harmful Flight
 55500 | Vaults:5 | Noticed Bai Suzhen
 55540 | Vaults:5 | Killed Bai Suzhen
 55540 | Vaults:5 | Reached XP level 25. HP: 181/182 MP: 23/23
 55668 | Vaults:5 | Got a transparent helmet
 55669 | Vaults:5 | Identified the +2 helmet of Ethics {Int+4} (You found it on level 5 of the Vaults)
 56474 | Depths:4 | Noticed Louise
 56497 | Depths:4 | Killed Louise
 56887 | Depths:4 | Gained mutation: Your muscles are strong. (Str +2) [evolution]
 56887 | Depths:4 | Lost mutation: You evolve. [end of evolution]
 56963 | Depths:4 | Found a gateway to a ziggurat.
 57227 | Depths:4 | Noticed Jory
 57264 | Depths:4 | Killed Jory
 57843 | Depths:5 | Entered Level 5 of the Depths
 57923 | Depths:5 | Found a portal to a secret trove of treasure.
 58291 | Depths:5 | Bought 2 potions of agility for 240 gold pieces
 58291 | Depths:5 | Bought a potion of curing for 90 gold pieces
 58291 | Depths:5 | Bought a scroll of enchant weapon for 225 gold pieces
 58291 | Depths:5 | Bought a scroll of identify for 60 gold pieces
 58640 | Depths:5 | Found a gate to the Realm of Zot.
 59101 | Zot:1    | Entered Level 1 of the Realm of Zot
 59293 | Zot:1    | Reached XP level 26. HP: 179/188 MP: 23/23
 59705 | Zot:1    | Reached skill level 27 in Shields
 60013 | Zot:1    | Found an opulent altar of Gozag.
 62039 | Zot:3    | Reached XP level 27. HP: 181/195 MP: 23/23
 64767 | Zot:5    | Entered Level 5 of the Realm of Zot
 64854 | Zot:5    | Noticed an orb of fire
 64998 | Zot:5    | Reached skill level 27 in Fighting
 65063 | Zot:5    | Noticed an orb of fire
 65078 | Zot:5    | Gained mutation: You are frail. (-10% HP) [an orb of fire]
 65084 | Zot:5    | Killed an orb of fire
 65205 | Zot:5    | Noticed an orb of fire
 65216 | Zot:5    | Noticed an orb of fire
 65217 | Zot:5    | Noticed an ancient lich
 65233 | Zot:5    | Noticed an orb of fire
 65236 | Zot:5    | Killed an ancient lich
 65282 | Zot:5    | Got the Orb of Zot
 65285 | Zot:5    | Noticed an orb of fire
 65386 | Zot:2    | Noticed Joiv the pandemonium lord
 65647 | Depths:2 | Noticed Derecvid the pandemonium lord
 65891 | D:9      | Noticed Katwoo the pandemonium lord
 66038 | D:1      | Noticed Cumeox the pandemonium lord
 66049 | D:$      | Escaped with the Orb!

Vault maps used:
D:1:      doesnt_arrival_eight_statues, minmay_pentomino_s4
D:2:      minivault_27
D:4:      lemuel_castle_with_subvaults
D:5:      serial_shops, nicolae_shop_trees, first_bread, minmay_joined_circles
D:6:      uniq_pikel
D:7:      lightli_temple_of_fire, grunt_temple_overflow_diamond,
          chequers_temple_overflow_statue_of_worship
D:9:      serial_corexii_hall, corexii_hall_statues_s, corexii_hall_statues_l
D:10:     hangedman_pestilent_swarm, serial_park_tiny_2, uniq_nergalle
D:11:     lair_entry_dummy, orc_0_dummy, lab_entry_generic, serial_shops,
          kennysheep_mini_moat
D:12:     serial_shops, shop, nicolae_shop_statue_plus,
          nicolae_shop_overgrown_old_shop, shop
D:13:     minmay_door_square, uniq_josephine
D:14:     grunt_vaults_entry_tiered, lemuel_blue_sif_altar,
          nicolae_gozag_cash_rules_everything_around_me, uniq_frances
D:15:     hangedman_depths_entry_try_elsewhere_first, hangedman_decor_riveting,
          uniq_agnes
Temple:   nicolae_temple_figure_eight
Lair:1:   dragon1_lemuel, serial_bayou_lake_a
Lair:2:   minmay_shoals_entry_hut, dummy_spider_entry, st_stairs_11
Lair:3:   beast_lair_carwin_large_3
Lair:4:   lemuel_fruit_fields, grunt_megastairs_2, lemuel_fruit_tree,
          uniq_rupert
Lair:5:   onia_ninara_swampy_vault
Lair:6:   hangedman_lair_caniforms_friends, guppyfry_lair_end_dragon,
          minmay_slime_entry_oklob_enclosed, minmay_lair_oklob_chamber,
          infiniplex_staircase_pool_2
Shoals:1: nicolae_shoals_kraken_intersection
Shoals:2: serial_shops, nicolae_shop_crystal, nicolae_shop_behind_doors,
          ldierk_geyser
Shoals:4: shoals_end_grunt_garden, shoals_ilsuiw_ice
Spider:2: uniq_donald, uniq_arachne, uniq_nikola
Spider:4: spider_rune_water, portal_ice_cave_entry_ice_statue_two,
          nicolae_spider_webs_and_nodes, nicolae_spider_cling_ruins
Orc:1:    serial_shops, nicolae_shop_overgrown_old_shop, nicolae_shop_crystal,
          uniq_fannar, uniq_erica
Orc:2:    grunt_orc_cross, mines3_lemuel
Elf:1:    eino_elf_arrival_sip, minmay_elf_annihilation, nicolae_elf_v_pinch
Elf:2:    basic_altar, serial_shops, shop, nicolae_elf_m_pinch, uniq_aizul
Elf:3:    minmay_elf_hall, hex_medium
Vaults:1: grunt_vaults_trifunnel, vaults_room_hangedman_quadrants,
          nicolae_vaults_triangles, vaults_room_fancy_cross,
          vaults_room_octagon, vaults_mumra_hexcomb, v_misc_29,
          vaults_room_pool, v_misc_19, vaults_room_semicircle, serial_shops,
          shop
Vaults:2: nicolae_vaults_specimen_jars, vaults_room_ringed_pool,
          minmay_crypt_entry_vampire_xt, v_misc_5, v_alt_pattern_5,
          grunt_vaults_funnel, ontoclasm_vaults_pinch, dpeg_vaults_monster_box
Vaults:3: special_room_vaults, vaults_room_door_ring,
          ontoclasm_vaults_loading_screen, nicolae_vaults_theta,
          hangedman_vaults_stitches, ontoclasm_vaults_claustrophobia,
          ontoclasm_vaults_ring_small, v_rooms_5, vaults_dpeg_encased_lava,
          vaults_room_semicircle, uniq_boris
Vaults:4: ontoclasm_vaults_tryst, vaults_dpeg_spiral,
          nicolae_vaults_network_star, vaults_dpeg_diagonal,
          nicolae_vaults_yaktaur_gun_rack, nicolae_vaults_theta,
          nicolae_vaults_theta, vaults_mumra_chevron_long, v_misc_30,
          nicolae_vaults_little_squares_3, v_misc_11, vaults_room_pool,
          hangedman_vaults_capsules, nicolae_vaults_three_branches,
          vaults_room_door_ring
Vaults:5: uniq_bai_suzhen
Depths:1: minmay_misc_feat_room, pan_entry, hell_entry,
          minmay_misc_feat_four_crosses, minmay_acid_items
Depths:2: grunt_twist_and_shout, minmay_misc_feat_rows, hell_entry,
          abyss_entry_small_statue_room, uniq_sojobo
Depths:3: kennysheep_bubbly, hell_entry, pan_entry, serial_bayou_lagoon_a,
          serial_shops, nicolae_shop_waterfront, shop, shop,
          nicolae_shop_overgrown_old_shop, infiniplex_staircase_split_hallway
Depths:4: minmay_outward_triangles, enter_ziggurat_a, minmay_strange_pillars,
          nicolae_abyss_entry_one_way_or_another, pf_vacation_house_of_asmodeus,
          infiniplex_staircase_pool_lava, uniq_jory
Depths:5: grunt_zot_entry_hairpin, hell_entry,
          hangedman_abyss_or_decor_jellyfish_corner, abyss_entry, enter_trove_2,
          abandoned_shop, minmay_misc_feat_rugged
Zot:1:    basic_altar, st_small_dragon_hoard_2, grunt_megastairs_3
Zot:3:    kennysheep_blocky_hall
Zot:4:    lemuel_acid_trip, amethyst_zot_foddershock
Zot:5:    grunt_ministairs_11, nrook_zot_tub
Abyss:4:  hangedman_steaming_rock, bh_silent_lugonu_exit,
          hangedman_abyss_rune_macabre_mess, hangedman_abyss_or_decor_stagger
Lab:      labyrinth_spiral, nicolae_lab_grate, nicolae_lab_arrow,
          nicolae_lab_lava, nicolae_lab_grate_2, labyrinth_skeletal_remains,
          labyrinth_glass_2, nicolae_lab_dead_end
IceCv:    ice_cave_caverns_01

Skill      XL: |  1  2  3  4  5  6  7  8  9 10 11 12 13 14 15 16 17 18 19 20 21 22 23 24 25 26 27 |
---------------+----------------------------------------------------------------------------------+-----
Polearms       | 3 4 5 6 8 9 10 12 13 14 | 14.3
Armour         | 1 2 3 4 5 6 8 10 12 14 16 18 20 22 25 | 25.7
Fighting       | 6 10 13 15 17 18 20 21 22 23 25 27 | 27.0
Dodging        | 5 7 9 |  9.0
Shields        | 5 10 13 15 17 18 20 21 23 24 25 26 27 | 27.0
Throwing       | |  1.7

Action                   |  1- 3 |  4- 6 |  7- 9 | 10-12 | 13-15 | 16-18 | 19-21 | 22-24 | 25-27 || total
-------------------------+-------+-------+-------+-------+-------+-------+-------+-------+-------++-------
Melee: Trident           |   100 |   322 |   500 |  1420 |  2277 |  2949 |  2046 |  2357 |  2671 || 14642
Throw: Throwing net      |     2 |       |     5 |       |       |     2 |       |       |     2 ||    11
       Javelin           |       |       |       |     3 |     6 |       |       |       |       ||     9
Invok: Potion Petition   |       |       |       |     2 |     1 |     1 |       |       |       ||     4
       Call Merchant     |       |       |       |     2 |     1 |       |     4 |     1 |     1 ||     9
       Bribe Branch      |       |       |       |       |       |       |       |       |     1 ||     1
 Abil: Fly               |       |       |       |       |     2 |     1 |       |       |       ||     3
       Stop Flying       |       |       |       |       |     2 |       |     1 |       |       ||     3
Evoke: Wand              |       |       |       |       |     3 |     1 |     1 |       |    10 ||    15
  Use: Scroll            |       |     9 |    11 |    11 |    11 |    12 |    18 |     5 |    10 ||    87
       Potion            |       |       |       |    19 |     6 |    11 |     2 |       |     5 ||    43
 Stab: Held in net/web   |     1 |       |     3 |       |       |     3 |       |       |       ||     7
       Distracted        |       |       |       |     6 |    15 |    17 |     8 |    20 |    14 ||    80
       Confused          |       |       |       |       |     2 |       |       |       |     1 ||     3
       Invisible         |       |       |       |       |     5 |       |       |       |       ||     5
       Sleeping          |       |       |       |       |       |       |     1 |     2 |       ||     3
  Eat: Chunk             |       |     7 |     8 |       |       |       |       |       |       ||    15
       Beef jerky        |       |       |     2 |     4 |    13 |     9 |       |     3 |     1 ||    32
       Meat ration       |       |       |     1 |       |     2 |       |     6 |     2 |     4 ||    15
       Bread ration      |       |       |       |     1 |       |       |       |       |       ||     1
       Fruit             |       |       |       |     7 |     6 |    28 |       |     3 |    10 ||    54
       Royal jelly       |       |       |       |     7 |     2 |       |     3 |     1 |     1 ||    14
       Pizza             |       |       |       |       |     2 |     3 |     2 |     1 |     3 ||    11
Armor: Leather armour    |    37 |     5 |       |       |       |       |       |       |       ||    42
       Ring mail         |       |    27 |       |       |       |       |       |       |       ||    27
       Scale mail        |       |   228 |   217 |   759 |       |       |    91 |   121 |       ||  1416
       Skin              |       |       |       |    94 |       |       |       |       |       ||    94
       Chain mail        |       |       |       |    27 |   862 |  1158 |   270 |       |       ||  2317
       Gold dragon scale |       |       |       |       |       |       |       |   543 |   791 ||  1334
Dodge: Dodged            |    49 |   274 |   190 |   523 |   688 |   795 |   334 |   397 |   376 ||  3626
Block: Buckler           |       |       |       |       |   161 |       |       |       |       ||   161
       Shield            |       |       |       |       |    35 |  1667 |   307 |       |       ||  2009
       Reflection        |       |       |       |       |       |     4 |   172 |   103 |    42 ||   321
       Large shield      |       |       |       |       |       |       |  1166 |  2123 |  2053 ||  5342
